 Dungeon Crawl Stone Soup version 0.30-a0-459-g9104f0fc43 (webtiles) character file.

Game seed: 4671006994088693079

8542 cforsyth the Grappler (level 11, -5/118 HPs)
             Began as a Troll Fighter on Dec 15, 2022.
             Was a Believer of Wu Jian.
             Slain by a chaos spawn (19 damage)
             ... summoned by a kobold demonologist
             ... on level 9 of the Dungeon.
             The game lasted 00:15:26 (6475 turns).

cforsyth the Grappler (Troll Fighter)               Turns: 6475, Time: 00:15:26

Health: -5/118     AC: -1    Str: 32      XL:     11   Next: 11%
Magic:  10/10      EV:  9    Int:  8      God:    Wu Jian [**....]
Gold:   600        SH: 11    Dex: 12 (13) Spells: 10/10 levels left

rFire   . . .      SeeInvis +      - Unarmed
rCold   + . .      Faith    .    b - +1 kite shield
rNeg    . . .      Spirit   .    a - +0 robe
rPois   .          Reflect  .    A - +2 hat {Stlth+}
rElec   .          Harm     .    d - +0 cloak
rCorr   .          Rampage  .    (gloves unavailable)
Will    .....                    (boots unavailable)
Stlth   ++........               u - amulet of Due Proportion {rC+ Regen+ Dex+4}
HPRegen 1.99/turn                h - ring "Ypean" {Contam Str+6 Slay+2 SInv}
MPRegen 0.12/turn                (no ring)

@: corroded, studying Fighting
A: large, unfitting armour, claws 3, regeneration 1, shaggy fur 1, tough skin 1
a: Renounce Religion, Wall Jump


You were on level 9 of the Dungeon.
You worshipped Wu Jian.
Wu Jian was pleased with you.
You visited 2 branches of the dungeon, and saw 10 of its levels.
You also visited: Sewer and Bailey.

You collected 600 gold pieces.

Inventory:

Armour
 a - a +0 robe (worn)
 b - a +1 kite shield (worn)
 d - a +0 cloak (worn)
 A - a +2 hat of stealth (worn)
 C - the +1 robe "Faanoej" {rCorr MP+9 Str+8 Slay-4}
   (You found it in a bailey)

   Str:       It affects your strength (+8).
   Slay:      It affects your accuracy & damage with ranged weapons and melee
   (-4).
   MP:        It affects your magic capacity (+9).
   rCorr:     It protects you from acid and corrosion.
Jewellery
 h - the ring "Ypean" (left claw) {Contam Str+6 Slay+2 SInv}
   (You found it on level 5 of the Dungeon)

   [ring of strength]

   Str:       It affects your strength (+6).
   Slay:      It affects your accuracy & damage with ranged weapons and melee
   (+2).
   SInv:      It lets you see invisible.
   Contam:    It causes magical contamination when unequipped.
 u - the amulet of Due Proportion (around neck) {rC+ Regen+ Dex+4}
   (You acquired it on level 5 of the Dungeon)

   [amulet of regeneration]

   Dex:       It affects your dexterity (+4).
   rC:        It protects you from cold.
   Regen:     It increases your rate of health regeneration.
 v - a +6 ring of intelligence
Wands
 p - a wand of polymorph (16)
 y - a wand of iceblast (3)
 D - a wand of quicksilver (9)
 F - a wand of mindburst (4)
Scrolls
 e - 3 scrolls of identify
 f - 2 scrolls of teleportation
 i - a scroll of noise {unknown}
 m - 3 scrolls of vulnerability
 n - 2 scrolls of fog
 o - a scroll of enchant armour
 s - a scroll of poison
 t - a scroll of magic mapping {unknown}
 w - 2 scrolls of blinking {unknown}
 x - 2 scrolls of fear
 z - 2 scrolls of amnesia {unknown}
Potions
 c - 5 potions of might
 g - 2 potions of brilliance
 j - 2 potions of curing {unknown}
 k - 2 potions of flight
 l - 2 potions of lignification
 q - 7 potions of heal wounds
 r - 3 potions of resistance
 B - 2 potions of cancellation {unknown}
 E - a potion of attraction {unknown}


   Skills:
 + Level 10.2 Fighting
 + Level 3.4 Dodging
 + Level 8.4 Shields
 * Level 12.1 Unarmed Combat


You had 10 spell levels left.
You didn't know any spells.
Your spell library contained the following spells:

 Spells                   Type           Power      Damage    Failure   Level
 Apportation              Tloc           0%         N/A       63%         1
 Beastly Appendage        Tmut           0%         N/A       63%         1
 Magic Dart               Conj           0%         1d3       63%         1
 Necrotise                Necr           0%         1d4       63%         1
 Summon Small Mammal      Summ           0%         N/A       63%         1
 Call Imp                 Summ           0%         N/A       77%         2
 Ensorcelled Hibernation  Hex/Ice        0%         N/A       77%         2
 Passwall                 Tmut/Erth      0%         N/A       77%         2
 Wereblood                Tmut           0%         N/A       77%         2
 Inner Flame              Hex/Fire       0%         N/A       94%         3
 Mephitic Cloud           Conj/Pois/Air  0%         N/A       94%         3
 Spider Form              Tmut/Pois      0%         N/A       94%         3
 Swiftness                Air            0%         N/A       94%         3
 Anguish                  Hex/Necr       0%         N/A       100%        4
 Flame Wave               Conj/Fire      0%         2d4       100%        4
 Sticky Flame             Conj/Fire      0%         2d3       100%        4


Dungeon Overview and Level Annotations

Branches:
Dungeon (9/15)             Temple (1/1) D:5            Lair (0/5) D:8
  Sewer (visited)          Bailey (visited)
    Orc: D:9-12

Altars:
Ashenzari
Cheibriados
Dithmenos
Fedhas
Gozag
Hepliaklqana
Kikubaaqudgha
Nemelex Xobeh
Qazlal
Ru
Sif Muna
Trog
Uskayaw
Vehumet
Wu Jian
Xom
Yredelemnul
Zin
The Shining One

Shops:
D:9 (

Annotations:
D:4 1 runed translucent door, Crazy Yiuf
D:8 3 runed translucent doors, pigah's ghost, novice OpWn


Innate Abilities, Weirdness & Mutations

You are too large for most types of armour.
You have claws for hands.
Your natural rate of healing is unusually fast.
You are covered in fur. (AC +1)
You have tough skin. (AC +1)


Message History

You feel sick. The yak barely misses you. You block the kobold's attack.
The kobold demonologist hits you with a +0 dagger.
You closely miss the kobold demonologist.
The kobold demonologist is lightly wounded.
You feel sick.
You are no longer poisoned.
The crimson imp blinks!
The yak gores you!
The kobold demonologist looks satisfied for a moment.
The yak barely misses you.
Unknown command.
You claw the kobold demonologist!
The kobold demonologist is heavily wounded.
You block the ufetubus's attack. The ufetubus barely misses you.
The chaos spawn closely misses you.
The kobold demonologist looks satisfied for a moment.
You block the kobold's attack. The yak gores you! The ufetubus hits you. x2
Unknown command.
Unknown command.
You scratch the kobold demonologist.
The kobold demonologist is heavily wounded.
The ynoxinul disappears in a puff of smoke!
The chaos spawn hits you. Space warps horribly around you!!
* * * LOW HITPOINT WARNING * * *
You block the quasit's attack. The quasit claws you.
* * * LOW HITPOINT WARNING * * *
You feel clumsy. The quasit barely misses you.
Unknown command.
Unknown command.
Unknown command.
You claw the kobold demonologist!
The kobold demonologist is severely wounded.
You block the yak's attack. The kobold hits you with a +0 dagger.
* * * LOW HITPOINT WARNING * * *
The kobold demonologist looks braver for a moment.
The quasit bites you.
* * * LOW HITPOINT WARNING * * *
The quasit closely misses you. You block the quasit's attack.
The chaos spawn gores you!!
You die...

#..# #......... #..#
#......... . #..# #.........
##..#####.)# ##...##..
........)..##########.....#..
.........).<........K........
..........†.Y§........(∩.†...
..........Y4YK...###.......#.
...........Y@5K..# ##....)##.
............K55..# ##...###.
.................# #..### #.
.................# #..# #.
...............# #..# .
...............# #..#
..............#
##############


You could see a kobold demonologist, 4 yaks, a chaos spawn (summoned), a quasit
(summoned), a crimson imp (summoned), an ufetubus (summoned) and 2 kobolds.

Vanquished Creatures
  Gastronok (D:8)
  A two-headed ogre (D:8)
  Amaemon (D:8)
  An orc knight (Bailey)
  A deep elf pyromancer (Bailey)
  An orange demon (D:8)
  2 komodo dragons (D:8)
  3 yaks
  A wyvern (D:8)
  Grum (D:8)
  A water moccasin (D:7)
  Pargi (Sewer)
  5 orc warriors
  7 black bears
  4 ogres
  A sky beast (D:6)
  2 wolves (D:8)
  3 kobold brigands
  4 phantoms
  5 bullfrogs
  A necrophage (D:6)
  A gnoll sergeant (D:9)
  4 scorpions
  3 howler monkeys (D:7)
  4 hounds
  A jelly (D:5)
  An orc priest (D:7)
  3 iguanas
  4 orc wizards
  Natasha (thrice) (D:2)
  12 gnolls
  6 adders
  A river rat (D:5)
  A white imp (D:6)
  A worm (D:5)
  2 dart slugs
  25 orcs
  6 ball pythons
  5 bats
  6 endoplasms
  6 giant cockroaches
  15 goblins
  10 hobgoblins
  5 quokkas
  6 frilled lizards
  15 kobolds
  4 rats
197 creatures vanquished.

Vanquished Creatures (others)
  23 fungi (D:8)
  40 plants (D:8)
63 creatures vanquished.

Grand Total: 260 creatures vanquished

Notes
Turn   | Place    | Note
-------+----------+-------------------------------------------
     0 | D:1      | cforsyth the Troll Fighter began the quest for the Orb.
     0 | D:1      | Reached XP level 1. HP: 22/22 MP: 0/0
    72 | D:1      | Reached XP level 2. HP: 29/29 MP: 1/1
   552 | D:2      | Reached XP level 3. HP: 36/36 MP: 2/2
   600 | D:2      | Found a hide-covered altar of Uskayaw.
   644 | D:2      | Noticed Natasha
   658 | D:2      | Killed Natasha
   965 | D:2      | You fall into a shaft and drop 2 floors!
   967 | D:4      | Noticed a phantom
   967 | D:4      | Noticed a phantom
   976 | D:4      | Killed a phantom
   977 | D:4      | Reached skill level 3 in Unarmed Combat
   977 | D:4      | Reached XP level 4. HP: 40/45 MP: 3/3
   984 | D:4      | Killed a phantom
   985 | D:4      | Reached XP level 5. HP: 45/53 MP: 4/4
  1148 | D:3      | Found a shadowy altar of Dithmenos.
  1363 | D:2      | Noticed Natasha
  1369 | D:2      | Killed Natasha
  1635 | D:2      | Noticed Natasha
  1638 | D:2      | Killed Natasha
  1639 | D:2      | Reached XP level 6. HP: 58/61 MP: 5/5
  1802 | D:3      | Reached skill level 4 in Unarmed Combat
  1858 | D:3      | Found an opulent altar of Gozag.
  2383 | D:4      | Found a runed translucent door.
  2384 | D:4      | Noticed Crazy Yiuf
  2691 | D:5      | Entered Level 5 of the Dungeon
  2692 | D:5      | Identified 2 scrolls of acquirement
  2692 | D:5      | Acquired the amulet of Due Proportion {rC+ Regen+ Dex+4}
  2715 | D:5      | Acquired a manual of Fighting
  2815 | D:5      | Reached skill level 5 in Unarmed Combat
  2815 | D:5      | Reached XP level 7. HP: 52/70 MP: 6/6
  2855 | D:5      | Identified the ring "Ypean" {Contam Str+6 Slay+2 SInv}
  2879 | D:5      | Reached skill level 5 in Fighting
  2879 | D:5      | Reached skill level 6 in Unarmed Combat
  2896 | D:5      | Reached skill level 5 in Shields
  2896 | D:5      | Reached XP level 8. HP: 14/80 MP: 7/7
  2995 | D:5      | Found a staircase to the Ecumenical Temple.
  3123 | D:5      | Found a glowing drain.
  3132 | Sewer    | Entered a sewer
  3195 | Sewer    | Noticed Pargi
  3316 | Sewer    | Killed Pargi
  3900 | Temple   | Entered the Ecumenical Temple
  3910 | Temple   | Became a worshipper of the Wu Jian Council
  3946 | D:6      | Reached skill level 7 in Unarmed Combat
  4492 | D:7      | Reached skill level 8 in Unarmed Combat
  4508 | D:7      | Reached XP level 9. HP: 92/92 MP: 8/8
  4630 | D:7      | Reached * piety under Wu Jian
  5000 | D:8      | Noticed Grum
  5003 | D:8      | Noticed a komodo dragon
  5011 | D:8      | Killed Grum
  5023 | D:8      | Killed a komodo dragon
  5024 | D:8      | Reached skill level 9 in Unarmed Combat
  5026 | D:8      | Noticed a komodo dragon
  5054 | D:8      | Reached skill level 10 in Unarmed Combat
  5055 | D:8      | Killed a komodo dragon
  5056 | D:8      | Reached XP level 10. HP: 62/106 MP: 9/9
  5068 | D:8      | Found a staircase to the Lair.
  5100 | D:8      | Reached ** piety under Wu Jian
  5113 | D:8      | Found a flagged portal.
  5130 | D:8      | Noticed Gastronok
  5158 | D:8      | Killed Gastronok
  5183 | Bailey   | Entered a bailey
  5269 | Bailey   | Noticed an orc knight
  5277 | Bailey   | Killed an orc knight
  5278 | Bailey   | Reached skill level 11 in Unarmed Combat
  5305 | Bailey   | Found a large runed translucent door.
  5305 | Bailey   | Found a large runed translucent door.
  5306 | Bailey   | Noticed a deep elf pyromancer
  5351 | Bailey   | Killed a deep elf pyromancer
  5379 | Bailey   | Identified the +1 chain mail of Prudence {Str+4}
  5393 | Bailey   | Identified the +1 robe "Faanoej" {rCorr MP+9 Str+8 Slay-4}
  5564 | D:8      | Noticed Amaemon
  5564 | D:8      | Noticed an orange demon
  5570 | D:8      | Killed an orange demon
  5575 | D:8      | Killed Amaemon
  5576 | D:8      | Reached skill level 10 in Fighting
  5578 | D:8      | Noticed a two-headed ogre
  5642 | D:8      | Killed a two-headed ogre
  5643 | D:8      | Reached skill level 12 in Unarmed Combat
  5643 | D:8      | Reached XP level 11. HP: 117/117 MP: 10/10
  6041 | D:8      | Found a radiant altar of Vehumet.
  6134 | D:8      | Found a runed translucent gate.
  6134 | D:8      | Found a runed translucent gate.
  6136 | D:8      | Found an opulent altar of Gozag.
  6136 | D:8      | Found a runed translucent gate.
  6136 | D:8      | Noticed pigah's ghost (novice OpWn)
  6430 | D:9      | Found Cus Ciad's Weapon Emporium.
  6475 | D:9      | Slain by a chaos spawn

Illustrated notes

Levels and vault maps discovered:
D:1:      nzn_arrival_depleted_hourglass, layout_rooms
D:2:      layout_basic, basic_altar, uniq_natasha
D:3:      layout_loops_cross, grunt_gozag_breadcrumbs,
          grunt_dithmenos_smoke_and_mirrors
D:4:      layout_loops_ring, kennysheep_generic_room_9, uniq_crazy_yiuf_cottage
D:5:      minmay_recursive_quarters, layout_loops_ring,
          minmay_temple_entry_glass, portal_sewer_entry_e
D:6:      layout_basic
D:7:      layout_rooms
D:8:      layout_basic, mainiacjoe_overflow_alcove_4,
          due_lair_maze_entry_diamond, ebering_ghost_gozag,
          lightli_bailey_entry_fortress, grunt_decor_arrowhead, uniq_gastronok,
          uniq_grum, uniq_amaemon
D:9:      minmay_blocky_corners, layout_small_grid,
          hellmonk_okawaru_the_only_friend_you_need, orc_0_dummy, serial_shops,
          nicolae_shop_bloodbath_and_beyond
Temple:   dpeg_three_leaves_temple

Skill      XL: |  1  2  3  4  5  6  7  8  9 10 |
---------------+-------------------------------+-----
Shields        | 3 4 5 6 7 8 |  8.4
Fighting       | 3 4 5 6 8 10 | 10.2
Dodging        | 3 |  3.4
Unarmed Combat | 3 5 6 8 10 12 | 12.1

Action                   |  1- 3 |  4- 6 |  7- 9 | 10-12 || total
-------------------------+-------+-------+-------+-------++-------
Melee: Unarmed           |    71 |   106 |   221 |   140 ||   538
Invok: Lunge             |       |       |     8 |    28 ||    36
       Whirlwind         |       |       |       |    26 ||    26
Evoke: Wand              |       |       |       |     1 ||     1
  Use: Scroll            |       |     5 |     8 |       ||    13
       Potion            |       |       |     1 |     2 ||     3
 Stab: Sleeping          |     1 |       |     1 |       ||     2
Armor: Robe              |    22 |    27 |    42 |    17 ||   108
       Skin              |     1 |     2 |       |       ||     3
Dodge: Dodged            |    19 |    31 |    70 |    51 ||   171
Block: Kite shield       |    24 |    28 |    86 |    82 ||   220

Table legend: (Time is in decaauts)
 A = Elapsed time spent in this place.
 B = Non-inter-level travel time spent in this place.
 C = Inter-level travel time spent in this place.
 D = Time resting spent in this place.
 E = Time spent auto-exploring this place.
 F = Levels seen in this place.
 G = Mean time per level.
                   A        B        C        D        E       F      G
               +--------+--------+--------+--------+--------+-----+--------+
         Total |   6476 |   6135 |    341 |    625 |   3687 |  12 |  539.7 |
       Dungeon |   5885 |   5550 |    335 |    525 |   3473 |   9 |  653.9 |
        Temple |     16 |     10 |      6 |      0 |      0 |   1 |   16.0 |
         Sewer |    276 |    276 |      0 |    100 |     87 |   1 |  276.0 |
        Bailey |    297 |    297 |      0 |      0 |    127 |   1 |  297.0 |
               +--------+--------+--------+--------+--------+-----+--------+

Top non-repeatable levels by time:
     D:8: 1130 daAuts
     D:5: 933 daAuts
     D:2: 811 daAuts
     D:4: 785 daAuts
     D:3: 611 daAuts
     D:6: 523 daAuts
     D:1: 509 daAuts
     D:7: 502 daAuts
  Bailey: 297 daAuts
   Sewer: 276 daAuts
     D:9: 76 daAuts
  Temple: 16 daAuts
